Map: Eternal Empire LE

Players

BerryRAWR - Winner!

  • Race: Terran Terran
  • League: Master
  • Spawn Location: 1:00

NeebPlayCsgo

  • Race: Protoss Protoss
  • League: Grandmaster
  • Spawn Location: 7:00

VOD

Have the link to the VOD?

Description

Time

  • Played on: July 2, 2020, 2:22 a.m.
  • Length: 14:10
Show
View Real Time Build Order
Export as new Build Order

BerryRAWR Terran - Winner!

Build Orders:  

Get SALT Encoding   

  12  0:01  SCV  
  13  0:13  SCV  
  14  0:18  Supply Depot  
  14  0:25  SCV  
  15  0:34  Refinery  
  15  0:40  SCV  
  16  0:45  Barracks  
  16  0:52  SCV  
  17  1:04  SCV  
  18  1:16  SCV  
  21  1:32  Reaper  
  21  1:34  Orbital Command  
  20  1:47  Command Center  
  20  1:58  Factory  
  20  2:06  Marine  
  21  2:21  SCV  
  21  2:22  Supply Depot  
  22  2:28  Barracks Reactor  
  22  2:40  Bunker  
  22  2:50  Hellion  
  24  2:57  SCV  
  25  3:04  Marine x2  
  27  3:09  SCV  
  27  3:16  Refinery  
  27  3:24  Factory Tech Lab  
  27  3:25  SCV  
  28  3:33  Marine  
  29  3:34  Marine  
  29  3:40  SCV  
  30  3:47  SCV  
  30  3:51  Marine  
  30  3:52  SCV, Siege Tank  
  35  3:59  Orbital Command  
  34  4:04  SCV  
  34  4:09  Starport  
  33  4:10  Marine x2  
  33  4:16  SCV  
  36  4:24  SCV, Siege Tank  
  39  4:29  SCV  
  41  4:33  Supply Depot  
  41  4:36  SCV  
  41  4:37  Marine x2  
  44  4:41  SCV  
  45  4:49  SCV  
  46  4:54  Viking  
  46  4:55  SCV, Marine x2  
  46  4:56  Supply Depot  
  46  4:58  Siege Tank  
  54  5:18  SCV x2, Supply Depot  
  54  5:20  Marine  
  57  5:24  Viking  
  59  5:30  SCV x2  
  61  5:42  SCV x2, Bunker  
  63  5:44  Bunker  
  63  5:50  Marine  
  63  5:51  Command Center, Marine  
  63  5:54  SCV x2  
  66  6:04  Siege Tank  
  66  6:12  Liberator  
  66  6:14  Barracks x2  
  66  6:16  Marine  
  70  6:26  Engineering Bay  
  70  6:27  Engineering Bay  
  70  6:29  Supply Depot  
  70  6:46  Bunker  
  70  6:48  Bunker  
  70  6:50  SCV x2, Marine, Siege Tank  
  70  6:53  Bunker  
  76  7:00  Marine  
  77  7:01  Marine  
  77  7:03  SCV x2, Marine  
  77  7:08  Marine  
  81  7:13  Liberator  
  85  7:18  SCV x2  
  85  7:20  Barracks Tech Lab  
  85  7:22  Refinery x2  
  87  7:23  Siege Tank  
  87  7:28  Bunker  
  87  7:29  Bunker  
  90  7:37  Bunker  
  90  7:40  Marine  
  90  7:41  SCV x2  
  88  7:45  Barracks Tech Lab  
  87  7:52  Marine x2  
  87  7:53  SCV  
  87  7:55  Siege Tank  
  87  7:56  Orbital Command  
  92  7:58  Barracks  
  92  7:59  Barracks  
  92  8:05  Marine x2  
  93  8:19  Supply Depot  
  93  8:21  Bunker  
  93  8:22  Supply Depot  
  93  8:23  Terran Infantry Weapons Level 1  
  93  8:35  SCV, Missile Turret  
  93  8:39  Liberator  
  93  8:40  SCV, Marine x4  
  82  8:52  SCV  
  82  8:55  Marine x2  
  75  8:58  Marine  
  77  9:07  SCV x2  
  77  9:08  Marine x2  
  79  9:13  Marine x2  
  79  9:14  Widow Mine  
  79  9:16  Bunker, Marine  
  83  9:22  Viking, SCV x2, Bunker  
  87  9:34  SCV x2  
  87  9:35  SCV, Marine x4  
  93  9:46  SCV  
  93  9:52  Missile Turret  
  86  10:01  SCV x2, Missile Turret  
  86  10:02  SCV  
  86  10:06  Starport Reactor  
  83  10:07  Stimpack  
  83  10:11  Missile Turret  
  83  10:13  SCV x2  
  85  10:14  SCV  
  83  10:25  SCV  
  83  10:28  SCV x2  
  86  10:32  Refinery  
  86  10:41  SCV x2  
  82  10:46  Barracks Reactor, Barracks Tech Lab  
  82  10:47  Marine x2  
  82  10:49  SCV  
  80  10:53  SCV  
  73  11:01  SCV  
  70  11:05  Medivac  
  70  11:06  Medivac  
  70  11:07  Combat Shield  
  70  11:08  Marauder, Factory  
  70  11:10  SCV  
  70  11:11  SCV  
  78  11:17  Supply Depot  
  76  11:18  Supply Depot x2, Marine x2  
  76  11:19  Marauder  
  80  11:28  SCV x2  
  80  11:30  Missile Turret  
  80  11:31  Missile Turret  
  80  11:32  SCV  
  83  11:35  Medivac, Marauder  
  83  11:36  Marine  
  83  11:39  Marine  
  89  11:50  Marauder, Marine x2  
  89  11:51  Concussive Shells  
  89  11:52  Factory Reactor  
  93  11:54  Marine  
  93  11:56  Marauder, Barracks  
  93  11:59  SCV  
  93  12:00  SCV  
  98  12:03  Armory  
  98  12:08  Medivac  
  98  12:09  Medivac, Marine x2  
  98  12:10  Marine  
  98  12:11  Marauder  
  98  12:14  Supply Depot  
  107  12:17  Supply Depot  
  107  12:27  Marine  
  107  12:28  Marauder, Marine  
  112  12:30  SCV x2  
  112  12:33  Marauder  
  114  12:37  Widow Mine x2  
  114  12:38  Marine x2  
  120  12:44  Orbital Command  
  120  12:45  Marine x2  
  120  12:48  Barracks Tech Lab  
  120  12:49  Marauder  
  120  12:50  SCV x2  
  126  12:54  Marauder  
  126  12:55  Marine  
  129  12:59  Widow Mine  
  129  13:00  Widow Mine  
  129  13:04  Marine x2  
  135  13:07  Marine  
  135  13:11  Marauder  
  135  13:20  Widow Mine  
  135  13:22  Widow Mine  
  133  13:31  Marine x4  
  133  13:32  Marauder x2  
  133  13:33  SCV  
  129  13:41  Widow Mine  
  129  13:43  Widow Mine  
  129  13:44  Missile Turret  
  129  13:46  Marauder  
  129  13:47  SCV  
  135  13:49  Marine x2  
  142  13:58  Supply Depot  
  139  14:10  Command Center  
Show
View Real Time Build Order
Export as new Build Order

NeebPlayCsgo Protoss 

Build Orders: Blink Stalkers 

Get SALT Encoding   

  12  0:02  Probe  
  13  0:14  Probe  
  13  0:17  Pylon  
  14  0:24  Probe  
  15  0:32  Probe  
  15  0:37  Gateway  
  15  0:40  Probe  
  16  0:45  Assimilator  
  17  0:52  Probe  
  18  1:04  Probe  
  19  1:17  Probe  
  20  1:25  Cybernetics Core  
  20  1:26  Zealot  
  22  1:33  Pylon  
  22  1:47  Nexus  
  22  1:53  Adept  
  22  1:55  Probe  
  26  2:13  Adept  
  24  2:16  Warp Gate  
  26  2:31  Nexus  
  26  2:33  Probe  
  27  2:46  Probe  
  27  2:48  Assimilator  
  28  2:53  Stalker  
  28  2:57  Twilight Council  
  28  2:58  Probe  
  31  3:26  Nexus  
  31  3:28  Pylon  
  31  3:29  Blink  
  31  3:36  Stalker  
  31  3:43  Probe  
  31  3:48  Probe  
  32  3:55  Probe  
  31  4:00  Probe  
  32  4:07  Probe  
  33  4:12  Probe, Gateway  
  33  4:14  Robotics Facility  
  34  4:18  Probe  
  34  4:22  Probe, Sentry  
  37  4:26  Probe  
  37  4:28  Pylon  
  37  4:30  Probe  
  39  4:34  Probe  
  40  4:38  Probe x2  
  43  4:46  Probe x2  
  43  4:49  Stalker  
  43  4:50  Probe  
  48  4:56  Probe  
  48  4:58  Probe  
  50  5:02  Probe  
  50  5:04  Observer  
  52  5:08  Probe  
  52  5:10  Probe  
  52  5:12  Stalker  
  52  5:13  Stalker  
  58  5:15  Probe  
  58  5:20  Probe  
  60  5:22  Probe  
  60  5:24  Charge, Forge  
  60  5:25  Forge  
  60  5:26  Observer  
  60  5:27  Probe  
  63  5:34  Probe  
  65  5:39  Stalker  
  68  5:45  Zealot  
  68  5:50  Gateway x2  
  68  6:06  Pylon  
  68  6:07  Pylon  
  68  6:08  Pylon  
  68  6:09  Pylon  
  67  6:14  Nexus  
  67  6:25  Zealot  
  69  6:29  Zealot  
  71  6:35  Pylon  
  71  6:36  Protoss Ground Armor Level 1, Protoss Ground Weapons Level 1  
  71  6:43  Shield Battery, Zealot x3  
  71  6:44  Zealot  
  79  6:47  Shield Battery  
  79  6:58  Pylon  
  79  7:02  Zealot x2  
  79  7:06  Warp Prism  
  85  7:11  Pylon  
  85  7:16  Zealot x2  
  89  7:26  Zealot x2  
  91  7:36  Nexus  
  89  7:43  Zealot  
  89  7:44  Zealot  
  81  7:59  Zealot x2  
  83  8:06  Pylon  
  83  8:07  Pylon, Zealot x2  
  87  8:20  Zealot x2  
  87  8:23  Dark Shrine  
  91  8:37  Zealot x2  
  91  8:40  Zealot x2  
  97  8:49  Gateway  
  97  8:50  Probe x2  
  97  8:51  Gateway  
  97  9:07  Zealot x2  
  96  9:15  Gateway  
  95  9:17  Gateway  
  95  9:18  Cybernetics Core, Gateway  
  91  9:37  Dark Templar  
  91  9:38  Dark Templar  
  73  9:53  Dark Templar x2  
  73  9:56  Probe x2, Pylon  
  68  10:04  Gateway  
  68  10:06  Gateway  
  68  10:09  Gateway  
  68  10:11  Gateway  
  66  10:25  Dark Templar x2  
  66  10:26  Zealot x3  
  70  10:46  Probe x2  
  70  10:48  Assimilator  
  71  10:51  Assimilator  
  71  10:56  Unknown  
  67  10:58  Probe x2  
  69  11:04  Nexus  
  69  11:07  Pylon  
  69  11:09  Probe  
  69  11:10  Probe  
  71  11:17  Probe  
  71  11:18  Probe  
  73  11:28  Pylon  
  73  11:30  Probe x2  
  73  11:32  Robotics Facility  
  75  11:46  Probe x2  
  77  12:13  Pylon  
  77  12:14  Stalker x5, Pylon  
  77  12:15  Stalker x3  
  93  12:23  Pylon  
  93  12:26  Probe x3  
  92  12:37  Probe  
  92  12:38  Probe x2  
  91  12:45  Probe  
  91  12:46  Probe  
  92  12:51  Probe  
  92  12:53  Probe  
  94  13:00  Probe  
  94  13:02  Probe  
  94  13:03  Nexus  
  94  13:04  Probe  
  91  13:12  Stalker x2  
  91  13:13  Stalker x2  
  91  13:16  Zealot  
  91  13:19  Zealot  
  87  13:22  Zealot  
  78  13:28  Zealot  
  78  13:30  Zealot  
  64  13:50  Sentry x8  
  64  13:53  Stalker  
Tags
 
Add a new tag
Caveats
  • Supply blocks, unpowered buildings, or Contaminate may cause inaccurate times.
  • Supply counts are checked every 10 seconds.